[Event "British Rapidplay Championship 2023"]
[Site "Mercure Bradford, Bankfield Hotel"]
[Date "2023.04.16"]
[Round "9.18"]
[White "Ackley, Peter JE"]
[Black "Slinger, AJ (Tony)"]
[Result "1/2-1/2"]
[TimeControl "15 minutes plus 10 seconds per move"]
[WhiteElo "2151"]
[BlackElo "1841"]

1. c4 e5 2. Nc3 Nf6 3. Nf3 Nc6 4.
e3 Bb4 5. Qc2 Bxc3 6. Qxc3 Qe7 7.
d4 exd4 8. Nxd4 Nxd4 9. Qxd4 O-O 10. Bd3 d6 11. b3 Qe5 12. Bb2 Qxd4 13. Bxd4 Bd7 14. Bxf6 gxf6 15. Be4 Bc6 16. Bxc6 bxc6 17. Kd2 Rfe8 18. Kc3 c5 19.
Rhd1 Re5 20. Rd2 Rae8 21. Rad1 Kg7 22. Rd5 Kg6 23. a3 a5 24. Rxe5 fxe5 25. Rb1 Rb8 26. b4 axb4+ 27. axb4 f5 28.
Rb3 cxb4+ 29. Rxb4 Ra8 30. Rb7 Ra2 31. Rxc7 Rxf2 32. Rc6 Rxg2 33. Rxd6+ Kg5 34. h4+ Kxh4 35. Rh6+ Kg3 36. Rxh7 f4 37.
exf4 exf4 38. c5 f3 39. Kd4 f2 40. Rf7 Rg1 41. c6 f1=Q 42. Rxf1 Rxf1 43. Kd5 Kf4 44. c7 Rc1 45. Kd6 Kf5 46.
Kd7 Kf6 47. c8=R Rxc8 48. Kxc8 1/2-1/2

[Event "British Rapidplay Championship 2023"]
[Site "Mercure Bradford, Bankfield Hotel"]
[Date "2023.04.16"]
[Round "9.19"]
[White "Sivanandan, Bodhana"]
[Black "Walton, Alan J"]
[Result "1-0"]
[TimeControl "15 minutes plus 10 seconds per move"]
[WhiteElo "1561"]
[BlackElo "2105"]

1. e4 e6 2. d4 d5 3. Nd2 a6 4. g3 Nf6 5. e5 Nfd7 6. Bg2 c5 7. c3 b5 8. Ne2 Nc6 9. O-O Qb6 10. Nf3 Bb7 11. b3 h6 12. a4 b4 13. cxb4 cxb4 14. Bd2 O-O-O 15. Rc1 Kb8 16. Be3 Be7 17.
Ne1 Rc8 18. Nd3 Na5 19. f4 g6 20. Rxc8+ Rxc8 21. Qb1 Rc6 22. Rc1 Rxc1+ 23. Ndxc1 Ka7 24. g4 Nc6 25. Qd3 a5 26. Bf2 Ba6 27. Qc2 Kb7 28. f5 Nf8 29.
h4 Nb8 30. f6 Bd8 31. Be3 Nfd7 32. Kf2 Nxf6 33. exf6 Bxf6 34. h5 Bh4+ 35. Kg1 gxh5 36. gxh5 Qd8 37. Bxh6 Qg8 38. Be3 Nc6 39.
h6 Qg4 40. Nd3 Kb6 41. Qxc6+ Kxc6 42. Ne5+ Kb7 43. Nxg4 Bxe2 44. h7 1-0

[Event "British Rapidplay Championship 2023"]
[Site "Mercure Bradford, Bankfield Hotel"]
[Date "2023.04.16"]
[Round "9.20"]
[White "Nicholson, Jim WR"]
[Black "Patrick, Chaski"]
[Result "1/2-1/2"]
[TimeControl "15 minutes plus 10 seconds per move"]
[WhiteElo "1958"]
[BlackElo "2032"]

1. d4 Nf6 2. Nf3 g6 3. Bg5 Bg7 4. Nbd2 c5 5. e3 d5 6. c3 Nbd7 7. Bd3 Qb6 8. Rb1 O-O 9. O-O Re8 10.
b4 c4 11. Bc2 e5 12. dxe5 Nxe5 13. Nxe5 Rxe5 14. Nf3 Re8 15. Nd4 Ne4 16. Bxe4 Rxe4 17. a4 Bd7 18. a5 Qd6 19. Qd2 Rae8 20. Rbe1 Bxd4 21. exd4 Bf5 22.
Re3 f6 23. Rxe4 Rxe4 24. Be3 Qe7 25. Re1 Re6 26. f3 Bd3 27. Bf2 a6 28. Rxe6 Qxe6 29. Qe3 Qxe3 30. Bxe3 Kf7 31. Kf2 Ke6 32.
Bf4 Kd7 33. Ke3 Kc6 34. h4 Kb5 35. Bh6 Ka4 36. f4 Kb3 37. Kd2 f5 38. g3 Be4 39. Bg7 1/2-1/2

[Event "British Rapidplay Championship 2023"]
[Site "Mercure Bradford, Bankfield Hotel"]
[Date "2023.04.16"]
[Round "9.23"]
[White "Brencher, Paul"]
[Black "Winter, Kevin"]
[Result "1-0"]
[TimeControl "15 minutes plus 10 seconds per move"]
[WhiteElo "1929"]
[BlackElo "1815"]

1. d4 d6 2. e4 Nf6 3. Nc3 Nbd7 4. Nf3 e5 5. Bc4 Be7 6. O-O c6 7. a4 Qc7 8. h3 h6 9. Be3 g5 10.
dxe5 dxe5 11. Nh2 Nf8 12. Be2 Ng6 13. Ng4 Bxg4 14. Bxg4 Rd8 15. Qe2 Nf4 16. Bxf4 gxf4 17. Rfd1 Rg8 18.
Bf5 h5 19. Qc4 f3 20. g3 Qb6 21. Rxd8+ Bxd8 22. b4 Rxg3+ 23. Kf1 Rg2 24. Nd1 Qd4 25. Qxd4 exd4 26. Ra3 Be7 27. Rxf3 Rg5 28.
Rb3 h4 29. Nb2 b6 30. Nd3 Nd7 31. Bxd7+ Kxd7 32. Nf4 Bd6 33. Ng2 Rh5 34. Ke2 c5 35. b5 Re5 36. Kd3 Rg5 37. Nxh4 Rh5 38.
Nf5 Rxh3+ 39. Kc4 Rxb3 40. Kxb3 Bf4 41. Kc4 Ke6 42. f3 Be5 43. a5 Bc7 44. a6 Be5 45. Nh4 Bb8 46. Nf5 Be5 47. Nh4 Bc7 48. Nf5 Bf4 49.
Nh4 Bc7 50. Ng2 Bb8 51. Ne1 f5 52. exf5+ Kxf5 53. Kd5 Kf4 54.
Kc6 c4 55. Kb7 Bd6 56. Kxa7 Ke3 57. Kxb6 Bb4 58. a7 d3 59. cxd3 c3 60. Nc2+ 1-0

[ePGN "0.1;DGT LiveChess/2.2.5"]